 Dungeon Crawl Stone Soup version 0.27-a0-40-g5f2be0e231 (webtiles) character file.

Game seed: 4227933181207865414

540891 Life0 the Slayer (level 24, -18/210 (245) HPs)
             Began as a Minotaur Berserker on Jan 5, 2021.
             Was the Champion of Trog.
             Killed from afar by a Tzitzimitl (49 damage)
             ... with a bolt of negative energy
             ... called by a doom hound
             ... on level 1 of Tartarus.
             The game lasted 02:16:02 (90608 turns).

Life0 the Slayer (Minotaur Berserker)              Turns: 90608, Time: 02:16:03

HP:   -18/210 (245) AC: 27    Str: 47    XL:     24   Next: 73%
MP:   8/8           EV: 29    Int:  4    God:    Trog [******]
Gold: 1553          SH: 27    Dex: 20    Spells: 23/23 levels left

rFire    + . .     SeeInvis .   q - +5 demon whip "Spellbinder" {antimagic, Will+}
rCold    . . .     Faith    .   F - +5 kite shield
rNeg     . . .     Spirit   .   j - +5 plate armour of the Gusle {Str+4}
rPois    .         Reflect  +   (helmet restricted)
rElec    +         Harm     .   n - scarf {shadows}
rCorr    .         Rampage  .   p - +1 pair of gloves "Zoul" {+Fly rElec Will+}
Will     ++...                  B - +0 pair of boots of Otaric {rElec Dex+5}
Stlth    ..........             E - amulet of Navou {Reflect rF+ Will- Str+4 Dex+4 SH+5}
HPRegen  0.45/turn              l - +6 ring of strength
MPRegen  0.11/turn              I - ring of Omump {+Inv Slay+5 Stlth-}

@: berserk cooldown, slowed, heavily drained, very slow
A: retaliatory headbutt, horns 2, deformed body, high mp 1, screaming 1,
electricity resistance
}: 3/15 runes: decaying, serpentine, silver
a: Renounce Religion, Evoke Invisibility, Evoke Flight, Berserk, Trog's Hand,
Brothers in Arms


You were on level 1 of Tartarus.
You worshipped Trog.
Trog was exalted by your worship.
You visited 12 branches of the dungeon, and saw 46 of its levels.
You visited 1 bazaar.
You also visited: Ice Cave.

You collected 7238 gold pieces.
You spent 5685 gold pieces at shops.

Inventory:

Hand Weapons
 q - the +5 demon whip "Spellbinder" (weapon) {antimagic, Will+}
   (You found it on level 4 of the Depths)

   It reduces the magical energy of the wielder, and disrupts the spells and
   magical abilities of those hit.
   Natural abilities and divine invocations are not affected.
   It affects your willpower, your defense against some magical effects.
 v - the +8 whip "Cury" {vorpal, rF+}
   (You found it on level 6 of the Dungeon)

   It inflicts extra damage upon your enemies.
   It protects you from fire.
 x - the +7 lajatang of the Other Side {vorpal, *Noise +Blink +Rage rF+ Str+3}
   (Trog gifted it to you on level 5 of the Depths)

   It inflicts extra damage upon your enemies.
   It affects your strength (+3).
   It protects you from fire.
   It lets you blink.
   It lets you go berserk.
   It may make noises in combat.
 y - the +5 battleaxe of the Glowing Pariah {flame, +Blink rF+ MP+9 Int+3}
   (You found it in an ice cave)

   It has been specially enchanted to burn those struck by it, causing extra
   injury to most foes and up to half again as much damage against particularly
   susceptible opponents.
   Big, fiery blades are also staple armaments of hydra-hunters.
   It affects your intelligence (+3).
   It protects you from fire.
   It affects your magic capacity (+9).
   It lets you blink.
 M - the +1 broad axe of Untruth {vorpal, Str+2 Dex+3}
   (Trog gifted it to you in the Vestibule of Hell)

   It inflicts extra damage upon your enemies.
   It affects your strength (+2).
   It affects your dexterity (+3).
Armour
 j - the +5 plate armour of the Gusle (worn) {Str+4}
   (You found it on level 2 of the Lair of Beasts)

   It affects your strength (+4).
 n - a scarf of shadows (worn)
 p - the +1 pair of gloves "Zoul" (worn) {+Fly rElec Will+}
   (You bought it in a shop in a bazaar)

   It insulates you from electricity.
   It affects your willpower, your defense against some magical effects.
   It lets you fly.
 B - the +0 pair of boots of Otaric (worn) {rElec Dex+5}
   (You found it on level 5 of the Vaults)

   It affects your dexterity (+5).
   It insulates you from electricity.
 F - a +5 kite shield (worn)
 G - the +5 buckler of Shielding {rPois rCorr Str-2 Int+4}
   (You found it on level 3 of the Vaults)

   It affects your strength (-2).
   It affects your intelligence (+4).
   It protects you from poison.
   It provides partial protection from all sources of acid and corrosion.
Jewellery
 e - the ring "Wulai" {+Inv rF+ rCorr SInv}
   (You found it on level 4 of the Depths)

   [ring of resist corrosion]

   It protects you from fire.
   It lets you see invisible.
   It lets you turn invisible.
   It provides partial protection from all sources of acid and corrosion.
 l - a +6 ring of strength (left hand)
 E - the amulet of Navou (around neck) {Reflect rF+ Will- Str+4 Dex+4 SH+5}
   (You bought it in a shop on level 3 of the Snake Pit)

   [amulet of reflection]

   It shields you and reflects attacks.
   It affects your strength (+4).
   It affects your dexterity (+4).
   It protects you from fire.
   It affects your willpower, your defense against some magical effects.
   It affects your SH (+5).
 I - the ring of Omump (right hand) {+Inv Slay+5 Stlth-}
   (You found it on level 2 of the Depths)

   [ring of attention]

   It affects your accuracy and damage with ranged weapons and melee attacks
   (+5).
   It lets you turn invisible.
   It makes you less stealthy.
Wands
 a - a wand of digging (18)
 w - a wand of polymorph (8)
 K - a wand of flame (16)
Scrolls
 b - 9 scrolls of fear
 d - a scroll of holy word
 h - 2 scrolls of identify
 i - 6 scrolls of enchant armour
 o - 6 scrolls of fog
 u - 19 scrolls of teleportation
 z - 12 scrolls of remove curse
 C - 4 scrolls of enchant weapon
 D - 2 scrolls of silence
 H - 4 scrolls of magic mapping
 J - 4 scrolls of brand weapon
Potions
 c - 17 potions of curing
 f - 2 potions of resistance
 g - 8 potions of flight
 k - 4 potions of haste
 m - a potion of heal wounds
 r - 4 potions of might
 s - 4 potions of ambrosia
 t - 6 potions of cancellation
 A - a potion of invisibility
Miscellaneous
 L - the horn of Geryon


   Skills:
 + Level 26.3 Fighting
 - Level 10.0(12.0) Maces & Flails
 - Level 10.9(12.4) Staves
 + Level 26.2 Armour
 + Level 24.4 Dodging
 - Level 15.0 Shields


You had 23 spell levels left.
You didn't know any spells.
Your spell library was empty.

Dungeon Overview and Level Annotations

Branches:
Dungeon (15/15)            Temple (0/1) D:4            Lair (6/6) D:8
  Swamp (4/4) Lair:2        Snake (4/4) Lair:4        Slime (1/5) Lair:6
    Orc (2/2) D:10            Elf (1/3) Orc:2        Vaults (5/5) D:14
  Crypt (1/3) Vaults:2     Depths (5/5) D:15           Hell (visited)
    Dis (0/7) Hell            Geh (0/7) Hell            Coc (0/7) Hell
    Tar (1/7) Hell            Zot (0/5) Depths:5      IceCv (visited)

Altars:
Ashenzari
Gozag
Hepliaklqana
Kikubaaqudgha
Makhleb
Nemelex Xobeh
Ru
Trog
Xom
The Shining One
Beogh
Jiyva

Shops:
D:13 (   D:14 *   D:15 *=(   Orc:2 ((:[*   Snake:3 ==}   Vaults:1 (![
Vaults:4 [   Vaults:5 *   Depths:1 *

Portals:
Hell: Lair:6 Depths:1 Depths:2 Depths:3 Depths:4 Depths:5
Abyss: Depths:1 Depths:2
Pandemonium: Depths:3 Depths:5
Ziggurat: Depths:3
Trove: D:15 (give +5 demon whip)

Annotations:
Lair:2 2 transporters, totalnoob's ghost, journeyman TrBr


Innate Abilities, Weirdness & Mutations

You reflexively headbutt those who attack you in melee.
You have a pair of horns on your head.
Armour fits poorly on your strangely shaped body.
You have an increased reservoir of magic. (+10% MP)
You occasionally shout uncontrollably at your foes.
You are resistant to electric shocks. (rElec)


Message History

You block the Tzitzimitl's attack.
The Tzitzimitl bites you but does no damage.
A tormentor comes into view.
You whack the Tzitzimitl!
The Tzitzimitl's magic leaks into the air.
The Tzitzimitl shivers with cold.
The Tzitzimitl resists.
The Tzitzimitl is heavily wounded.
The shadow demon gestures.
Your nameless horror barely misses the Tzitzimitl.
You block the frost giant skeleton's attack.
The Tzitzimitl engulfs you.
* * * LOW HITPOINT WARNING * * *
The Tzitzimitl drains your vigour!
You feel as though you will be slow longer.
You block the Tzitzimitl's attack.
You closely miss the Tzitzimitl.
The Tzitzimitl is heavily wounded.
The Tzitzimitl gestures at you. The bolt of negative energy hits you!!!
You feel drained.
You die...

#...####.....##
#....#
##.....##
#....##
##.....#
##.....#
##..###
#......# ####
#......##
#...2§§.#
#.4[1X1.# #
#..42@Z##.##
#.)2§##§...#
.....§####...#
.......# ...#
......## ##...
...... ....
...... ... .#


You could see 2 Tzitzimimeh, a reaper (summoned), a shadow demon, a hellwing
(summoned), an ice devil (summoned), a tormentor, a frost giant skeleton and a
friendly nameless horror (summoned).

Vanquished Creatures
  Mara (Depths:1)
  A juggernaut (Depths:4)
  the Lernaean hydra (Swamp:4)
  Frederick (Vaults:3)
  Saint Roka (Depths:1)
  A golden dragon (Depths:4)
  6 caustic shrikes
  A bone dragon (Depths:5)
  4 liches
  The ghost of Gow Ytu the Stormcaller, a veteran TeCj of Gozag (Depths:1)
  2 doom hounds (Tar:1)
  2 Tzitzimimeh (Tar:1)
  An iron giant (shapeshifter) (Depths:5)
  A hellephant (Depths:5)
  Jorgrun (Swamp:1)
  4 tentacled monstrosities
  A quicksilver dragon (Vaults:5)
  14 titans
  Murray (Depths:5)
  Gastronok (Lair:1)
  5 sphinxes
  8 shadow dragons
  2 thorn hunters (Swamp:3)
  7 tengu reavers
  8 storm dragons
  12 frost giants
  8 nagarajas (Snake:4)
  7 vault wardens
  An iron dragon (Vaults:5)
  5 fire giants
  12 ironheart preservers
  2 orc warlords
  2 deep elf sorcerers
  A draconian stormcaller (Depths:5)
  A ghoul (Vaults:3)
  A caustic shrike zombie (Hell)
  3 reapers
  4 war gargoyles
  A draconian shifter (Depths:5)
  15 very ugly things
  A juggernaut skeleton (Depths:3)
  2 spriggan defenders
  A green draconian (Depths:5)
  17 stone giants
  2 vampire knights
  A black draconian (Depths:5)
  A bunyip (shapeshifter) (Depths:3)
  4 deep elf demonologists
  A red draconian (Depths:5)
  A spark wasp (shapeshifter) (Depths:5)
  2 bunyips
  An entropy weaver (Vaults:4)
  2 spark wasps (Depths:4)
  A yellow draconian (Depths:5)
  2 white draconians (Depths:5)
  The ghost of Juygget the Slinger, a journeyman OpHu of Okawaru (Lair:5)
  16 ettins
  5 eleionomae
  2 death oozes (Depths:1)
  2 blizzard demons
  Snorg (D:10)
  A crystal guardian (Vaults:3)
  6 deep elf death magi
  3 fire dragons
  5 jiangshi
  20 yaktaur captains
  16 great orbs of eyes
  9 ogre magi
  9 ice dragons
  Fannar (Orc:1)
  2 deep elf high priests
  A rakshasa (Depths:2)
  13 naga warriors
  2 boulder beetles
  20 hydras
  2 spriggan air magi (Depths:5)
  43 vault guards
  A monstrous demonspawn (Depths:3)
  8 death knights
  12 centaur warriors
  2 catoblepae (Lair:6)
  22 two-headed ogres
  8 anacondas
  10 alligators
  4 orc high priests
  5 deep troll shamans
  A merfolk aquamancer (Depths:2)
  5 hell hogs (Hell)
  8 deep troll earth magi
  8 tengu warriors
  5 death yaks (Lair:5)
  15 naga sharpshooters
  Sonja (Lair:2)
  6 shock serpents
  4 vampire magi
  10 deep elf knights
  A titan zombie (Hell)
  A storm dragon zombie (Depths:3)
  4 soul eaters
  An iron golem (Hell)
  2 iron trolls
  8 sun demons
  2 shadow wraiths
  9 goliath frogs
  A storm dragon skeleton (Tar:1)
  A golden dragon zombie (Hell)
  A titan skeleton (Tar:1)
  3 salamander mystics
  19 skeletal warriors
  A torturous demonspawn (Depths:3)
  5 flayed ghosts
  2 glowing orange brains
  2 spriggan druids
  A shadow demon (Tar:1)
  13 swamp dragons
  10 sea snakes (Snake:4)
  11 bog bodies
  2 unseen horrors
  22 deep trolls
  7 wizards
  6 necromancers
  3 harpies (Vaults:2)
  A naga ritualist (Snake:4)
  9 phantasmal warriors
  A deep elf archer (Vaults:4)
  4 mana vipers
  16 orc knights
  A shadow dragon zombie (Depths:3)
  5 stone giant zombies
  16 ironbrand convokers
  A wolf spider (shapeshifter) (Depths:5)
  6 orc sorcerers
  A will-o-the-wisp (Swamp:4)
  16 deep elf magi
  2 moths of wrath (shapeshifter)
  2 oklob plants (Lair:6)
  14 salamanders
  4 fire giant zombies (Hell)
  2 frost giant zombies
  4 wolf spiders
  7 cyclopes
  A tengu skeleton (Depths:3)
  A manticore (D:12)
  39 ugly things
  A guardian serpent (shapeshifter) (D:15)
  3 elephants (Lair:5)
  2 centaur zombies
  A frost giant skeleton (Depths:3)
  6 guardian serpents
  Joseph (D:8)
  26 black mambas
  A stone giant skeleton (Hell)
  A black mamba (shapeshifter) (Vaults:1)
  11 vault sentinels
  4 orange demons
  3 rust devils
  28 naga magi
  An eye of devastation (shapeshifter) (Depths:3)
  7 smoke demons
  2 gargoyles
  2 torpor snails
  An ice statue (Hell)
  9 cane toads
  5 centaur skeletons
  Maggie (Lair:2)
  2 hellions (Hell)
  A dire elephant skeleton (Tar:1)
  A rime drake (shapeshifter) (D:13)
  A yaktaur zombie (Hell)
  16 komodo dragons
  A demonic crawler (Hell)
  9 rime drakes
  6 freezing wraiths
  65 yaktaurs
  A kobold demonologist (D:13)
  10 ice devils
  A guardian mummy (D:15)
  A golden dragon simulacrum (Hell)
  A tormentor (Tar:1)
  A hydra zombie (Hell)
  A spriggan skeleton (D:15)
  A jumping spider (shapeshifter) (Depths:2)
  8 trolls
  5 red devils
  2 tengu conjurers
  A queen bee (shapeshifter) (Vaults:3)
  9 meliai
  13 polar bears
  4 tyrant leeches
  16 hornets
  Prince Ribbit (D:9)
  A merfolk (Depths:2)
  A tyrant leech (shapeshifter) (Vaults:4)
  41 slime creatures
  An ettin zombie (Hell)
  19 blink frogs
  2 blink frogs (shapeshifter)
  A deep troll zombie (Hell)
  A hydra skeleton (Hell)
  An ice dragon zombie (D:15)
  2 dream sheep (Lair:5)
  A yak (shapeshifter) (Vaults:3)
  5 water elementals
  A fire dragon skeleton (Tar:1)
  2 shadows
  5 wyverns
  46 yaks
  2 redbacks (Vaults:4)
  16 spriggans
  A tarantella (Vaults:4)
  2 tarantellas (shapeshifter) (D:13)
  8 fire elementals
  An alligator skeleton (Hell)
  13 wraiths
  A golden eye (D:8)
  9 basilisks
  2 golden eyes (shapeshifter)
  A steam dragon (Lair:2)
  5 vampire mosquitoes (D:15)
  2 wargs
  A soldier ant (D:12)
  13 swamp worms
  A tengu zombie (Hell)
  55 nagas
  2 human zombies (Hell)
  An acid dragon (D:15)
  3 floating eyes (Depths:2)
  9 hell hounds
  2 cane toad zombies (Hell)
  8 swamp drakes
  13 water moccasins
  A floating eye (shapeshifter) (Depths:1)
  A cane toad skeleton (Hell)
  56 orc warriors
  4 ice beasts
  5 sky beasts
  A swamp dragon zombie (Tar:1)
  A black bear (D:8)
  5 phantoms
  5 wolves (IceCv)
  An eye of draining (D:12)
  6 boggarts
  A necrophage (Tar:1)
  27 ogres
  22 centaurs
  A big kobold (D:7)
  18 bullfrogs
  2 cane toad simulacra (Hell)
  3 scorpions
  A wyvern skeleton (D:15)
  A troll zombie (D:10)
  7 killer bees
  16 wights
  2 howler monkeys
  6 electric eels (D:13)
  9 crimson imps
  A human simulacrum (Vaults:3)
  A quasit (D:10)
  2 bullfrog zombies
  5 jellies
  21 orc wizards
  Crazy Yiuf (D:3)
  A bullfrog skeleton (D:7)
  25 orc priests
  15 hounds
  4 iron imps (Depths:5)
  2 iguanas
  4 hell rats
  17 worker ants
  5 ogre zombies (D:10)
  A mummy (D:8)
  A gnoll (D:12)
  12 adders
  3 shadow imps
  5 white imps
  An ooze (D:4)
  5 worms
  2 dart slugs
  8 leopard geckos
  102 orcs
  6 bats
  7 giant cockroaches
  11 goblins
  4 hobgoblins
  6 jackals
  14 kobolds
  3 quokkas
  2 ball pythons (D:1)
  6 frilled lizards
  A goblin zombie (D:10)
  6 hobgoblin zombies
  A kobold zombie (D:8)
  2 leopard gecko skeletons
  2 orc skeletons (D:10)
  13 orc zombies
  4 rats
1925 creatures vanquished.

Vanquished Creatures (collateral kills)
  The ghost of emiel the Severer, an adept MiFi of Cheibriados (Swamp:4)
  The ghost of Arthanis the Pyromancer, an adept DEFE of Vehumet (Swamp:4)
  The ghost of raph the Bludgeoner, an adept GrEE of Dithmenos (Swamp:4)
  Nessos (D:15)
  3 death oozes (Depths:1)
  2 eleionomae
  An ice dragon (Vaults:4)
  A vault guard (Vaults:4)
  2 hydras (Swamp:4)
  A boulder beetle (D:12)
  A two-headed ogre (Vaults:4)
  2 bog bodies (Swamp:4)
  An obsidian statue (Depths:5)
  2 swamp dragons (Swamp:4)
  3 oklob plants (Lair:5)
  2 slime creatures (Depths:1)
  An ice statue (IceCv)
  A centaur zombie (D:12)
  2 orange demons (Lair:6)
  A yaktaur (Depths:1)
  A hellwing (Lair:6)
  3 polar bears (IceCv)
  2 hornets (Swamp:2)
  A blink frog (Lair:5)
  3 dream sheep (Lair:5)
  A vampire (D:12)
  7 yaks
  A spriggan (Swamp:2)
  A steam dragon (Lair:3)
  A water moccasin (Lair:5)
  A hell hound (Lair:6)
  A swamp drake (Swamp:4)
  A wolf (IceCv)
  2 centaurs (D:12)
  A gnoll sergeant (D:12)
  A scorpion (D:12)
  3 wights (D:15)
  4 killer bees (D:12)
  A howler monkey (D:12)
  2 gnolls (D:12)
68 creatures vanquished.

Vanquished Creatures (others)
  Geryon (Hell)
  A death ooze (Depths:1)
  2 rakshasas (Depths:2)
  A hornet (Swamp:1)
  A water elemental (D:13)
  2 orc warriors
  2 orcs
  2 ball lightnings (Depths:1)
  2 foxfires (Swamp:4)
  43 fungi
  32 plants
89 creatures vanquished.

Grand Total: 2082 creatures vanquished

Notes
Turn   | Place    | Note
-------+----------+-------------------------------------------
     0 | D:1      | Life0 the Minotaur Berserker began the quest for the Orb.
     0 | D:1      | Reached XP level 1. HP: 19/19 MP: 0/0
   224 | D:1      | Reached XP level 2. HP: 26/26 MP: 1/1
   930 | D:2      | Reached skill level 5 in Maces & Flails
   930 | D:2      | Reached XP level 3. HP: 22/31 MP: 2/2
  1374 | D:3      | Reached XP level 4. HP: 32/39 MP: 3/3
  1477 | D:3      | Reached ** piety under Trog
  1556 | D:3      | Reached XP level 5. HP: 31/45 MP: 4/4
  1789 | D:3      | Found a runed translucent door.
  1790 | D:3      | Noticed Crazy Yiuf
  1907 | D:3      | Found a sacrificial altar of Ru.
  2727 | D:3      | Killed Crazy Yiuf
  2728 | D:3      | Reached XP level 6. HP: 51/51 MP: 5/5
  2827 | D:4      | Found a broken altar of Ashenzari.
  2923 | D:4      | Found a glowing drain.
  2929 | D:4      | Reached skill level 1 in Staves
  3151 | D:4      | You fall into a shaft and drop 1 floor!
  3151 | D:5      | Entered Level 5 of the Dungeon
  3392 | D:5      | Noticed an ice beast
  3396 | D:5      | Killed an ice beast
  3396 | D:5      | Reached *** piety under Trog
  3397 | D:5      | Reached skill level 5 in Staves
  3397 | D:5      | Reached XP level 7. HP: 57/57 MP: 6/6
  3627 | D:4      | Found a staircase to the Ecumenical Temple.
  3730 | D:4      | Found an ancient bone altar of Kikubaaqudgha.
  4495 | D:6      | Reached XP level 8. HP: 60/64 MP: 7/7
  4575 | D:6      | Found a burning altar of Makhleb.
  4585 | D:6      | Got a brightly glowing whip
  5418 | D:6      | Reached skill level 10 in Staves
  5542 | D:7      | Identified the +8 whip "Cury" {vorpal, rF+} (You found it
                  | on level 6 of the Dungeon)
  5590 | D:7      | Found a flagged portal.
  5601 | D:7      | Reached **** piety under Trog
  6011 | D:7      | Reached XP level 9. HP: 70/72 MP: 6/8
  6131 | D:7      | Reached skill level 5 in Fighting
  6440 | D:7      | Found a bloodstained altar of Trog.
  6498 | D:8      | Found a sacrificial altar of Ru.
  6534 | D:8      | Noticed Joseph
  6546 | D:8      | Killed Joseph
  6547 | D:8      | Reached skill level 5 in Armour
  6839 | D:8      | Reached skill level 5 in Dodging
  6866 | D:8      | Found a burning altar of Makhleb.
  6918 | D:8      | Found a staircase to the Lair.
  7230 | Lair:1   | Entered Level 1 of the Lair of Beasts
  7230 | Lair:1   | Noticed a cane toad
  7256 | D:8      | Found a sparkling altar of Nemelex Xobeh.
  7448 | D:9      | Noticed Prince Ribbit
  7455 | D:9      | Killed Prince Ribbit
  7628 | D:9      | Reached XP level 10. HP: 69/86 MP: 6/9
  8102 | D:9      | Noticed a purple ugly thing
  8112 | D:9      | Killed a purple ugly thing
  8215 | D:10     | Entered Level 10 of the Dungeon
  8616 | D:9      | Gained mutation: You tend to lose your temper in combat.
                  | [potion of mutation]
  8616 | D:9      | Gained mutation: Your muscles are strong. (Str +2) [potion
                  | of mutation]
  8617 | D:9      | Lost mutation: Your muscles are strong. (Str +2) [potion of
                  | mutation]
  8617 | D:9      | Lost mutation: You tend to lose your temper in combat.
                  | [potion of mutation]
  8617 | D:9      | Gained mutation: Your body sometimes deteriorates upon
                  | taking damage. [potion of mutation]
  8617 | D:9      | Gained mutation: Your flesh is cold resistant. (rC+)
                  | [potion of mutation]
  8617 | D:9      | Gained mutation: You are weak. (Str -2) [potion of
                  | mutation]
  8617 | D:9      | Gained mutation: Your system is resistant to poisons.
                  | (rPois) [potion of mutation]
  8642 | D:10     | Noticed a gargoyle
  8653 | D:10     | Killed a gargoyle
  9141 | D:10     | Reached ***** piety under Trog
  9196 | D:10     | Noticed Snorg
  9205 | D:10     | Killed Snorg
  9629 | D:10     | Found a staircase to the Orcish Mines.
  9636 | Orc:1    | Entered Level 1 of the Orcish Mines
  9780 | D:10     | Killed an unseen horror
  9781 | D:10     | Reached XP level 11. HP: 31/99 MP: 4/10
 10900 | D:11     | Received a gift from Trog
 10914 | D:11     | Reached skill level 10 in Fighting
 10978 | D:11     | Noticed a green ugly thing
 10979 | D:11     | Noticed a red ugly thing
 10988 | D:11     | Killed a white ugly thing
 10989 | D:11     | Reached skill level 10 in Armour
 10994 | D:11     | Killed a green ugly thing
 11044 | D:11     | Noticed a cyan ugly thing
 11054 | D:11     | Killed a cyan ugly thing
 11390 | D:11     | Noticed a six-headed hydra
 11398 | D:11     | Killed a six-headed hydra
 11451 | D:11     | Noticed a white ugly thing
 11459 | D:11     | Killed a white ugly thing
 11460 | D:11     | Reached skill level 10 in Dodging
 11817 | D:11     | Noticed a white ugly thing
 11824 | D:11     | Killed a white ugly thing
 12056 | D:12     | Noticed a deep elf mage
 12073 | D:12     | Killed a deep elf mage
 12373 | D:12     | Reached XP level 12. HP: 105/110 MP: 11/11
 13557 | D:12     | Noticed a boulder beetle
 13567 | D:12     | Killed a boulder beetle
 14587 | Lair:1   | Noticed Gastronok
 14602 | Lair:1   | Killed Gastronok
 16122 | Lair:2   | Got a diamond-studded plate armour
 16128 | Lair:2   | Identified the +5 plate armour of the Gusle {Str+4} (You
                  | found it on level 2 of the Lair of Beasts)
 16165 | Lair:2   | Found a staircase to the Swamp.
 16632 | Lair:2   | Noticed Sonja
 16641 | Lair:2   | Killed Sonja
 16642 | Lair:2   | Reached skill level 10 in Maces & Flails
 16642 | Lair:2   | Reached skill level 1 in Shields
 16726 | Lair:2   | Noticed Maggie
 16744 | Lair:2   | Killed Maggie
 16825 | Lair:2   | Found a transporter.
 16828 | Lair:2   | Found a transporter.
 16828 | Lair:2   | Identified the +5 trident of Slow Death {antimagic, rElec
                  | rF+++ rC- Stlth+}
 16836 | Lair:2   | Found a bloodstained altar of Trog.
 16836 | Lair:2   | Noticed totalnoob's ghost (journeyman TrBr)
 16990 | Lair:2   | Noticed a six-headed hydra
 16998 | Lair:2   | Killed a six-headed hydra
 16999 | Lair:2   | Reached XP level 13. HP: 119/119 MP: 12/12
 17055 | Swamp:1  | Entered Level 1 of the Swamp
 17055 | Swamp:1  | Noticed Jorgrun
 17247 | Lair:3   | Found a frozen archway.
 17251 | Lair:3   | Reached skill level 5 in Shields
 17258 | IceCv    | Entered an ice cave
 17705 | IceCv    | Noticed a frost giant
 17730 | IceCv    | Killed a frost giant
 18165 | IceCv    | Got a smouldering battleaxe
 18483 | Lair:3   | Reached skill level 10 in Shields
 18929 | Lair:4   | Identified the +5 battleaxe of the Glowing Pariah {flame,
                  | +Blink rF+ MP+9 Int+3} (You found it in an ice cave)
 18933 | Lair:4   | Lost mutation: You are weak. (Str -2) [potion of mutation]
 18933 | Lair:4   | Lost mutation: Your body sometimes deteriorates upon taking
                  | damage. [potion of mutation]
 18933 | Lair:4   | Gained mutation: You evolve. [potion of mutation]
 18933 | Lair:4   | Gained mutation: You are frail. (-10% HP) [potion of
                  | mutation]
 18933 | Lair:4   | Lost mutation: You are frail. (-10% HP) [potion of
                  | mutation]
 18933 | Lair:4   | Gained mutation: You are partially covered in large bone
                  | plates. (SH +4) [potion of mutation]
 18934 | Lair:4   | Lost mutation: You evolve. [potion of mutation]
 18934 | Lair:4   | Lost mutation: You are partially covered in large bone
                  | plates. (SH +4) [potion of mutation]
 18934 | Lair:4   | Lost mutation: Your flesh is cold resistant. (rC+) [potion
                  | of mutation]
 18934 | Lair:4   | Lost mutation: Your system is resistant to poisons. (rPois)
                  | [potion of mutation]
 18934 | Lair:4   | Gained mutation: You are clumsy. (Dex -2) [potion of
                  | mutation]
 18934 | Lair:4   | Gained mutation: Your spells are a little harder to cast,
                  | but a little more powerful. [potion of mutation]
 18934 | Lair:4   | Gained mutation: You are somewhat resistant to further
                  | mutation. [potion of mutation]
 18935 | Lair:4   | Lost mutation: Your spells are a little harder to cast, but
                  | a little more powerful. [potion of mutation]
 18935 | Lair:4   | Lost mutation: You are clumsy. (Dex -2) [potion of
                  | mutation]
 18935 | Lair:4   | Gained mutation: Your body sometimes deteriorates upon
                  | taking damage. [potion of mutation]
 18936 | Lair:4   | Lost mutation: You are somewhat resistant to further
                  | mutation. [potion of mutation]
 18936 | Lair:4   | Lost mutation: Your body sometimes deteriorates upon taking
                  | damage. [potion of mutation]
 18936 | Lair:4   | Gained mutation: You have large cloven feet. [potion of
                  | mutation]
 18936 | Lair:4   | Gained mutation: You are clumsy. (Dex -2) [potion of
                  | mutation]
 18936 | Lair:4   | Gained mutation: You are partially covered in slimy green
                  | scales. (AC +2) [potion of mutation]
 18937 | Lair:4   | Lost mutation: You are clumsy. (Dex -2) [potion of
                  | mutation]
 18937 | Lair:4   | Lost mutation: You are partially covered in slimy green
                  | scales. (AC +2) [potion of mutation]
 18937 | Lair:4   | Lost mutation: You have large cloven feet. [potion of
                  | mutation]
 18937 | Lair:4   | Gained mutation: You have a pair of large horns on your
                  | head. [potion of mutation]
 18937 | Lair:4   | Gained mutation: You tend to lose your temper in combat.
                  | [potion of mutation]
 18937 | Lair:4   | Gained mutation: You do not regenerate when monsters are
                  | visible. [potion of mutation]
 18937 | Lair:4   | Gained mutation: You are agile. (Dex +2) [potion of
                  | mutation]
 19213 | Lair:4   | Found a staircase to the Snake Pit.
 19261 | Snake:1  | Entered Level 1 of the Snake Pit
 19346 | Lair:4   | Got a pair of warped gloves
 19982 | Lair:5   | Received a gift from Trog
 19984 | Lair:5   | Identified the cursed -6 pair of gloves "Dacopri" {Rampage
                  | +Inv} (You found it on level 4 of the Lair of Beasts)
 20008 | Lair:5   | Found a runed translucent door.
 20020 | Lair:5   | Noticed Juygget's ghost (journeyman OpHu)
 20310 | Lair:5   | Killed Juygget's ghost
 20311 | Lair:5   | Reached XP level 14. HP: 127/127 MP: 13/13
 21442 | Lair:6   | Entered Level 6 of the Lair of Beasts
 22029 | Lair:6   | Reached skill level 15 in Shields
 22737 | Lair:6   | Found a burning altar of Makhleb.
 22953 | Lair:6   | Found a gateway to Hell.
 23162 | Hell     | Entered the Vestibule of Hell
 25471 | Lair:6   | Found a staircase to the Slime Pits.
 26216 | Slime:1  | Entered Level 1 of the Pits of Slime
 26884 | D:13     | Found Fuoferal's Weapon Boutique.
 28146 | D:13     | Reached XP level 15. HP: 95/138 MP: 10/14
 29082 | D:14     | Lost mutation: You have a pair of large horns on your head.
                  | [potion of mutation]
 29082 | D:14     | Lost mutation: You are agile. (Dex +2) [potion of mutation]
 29082 | D:14     | Lost mutation: You do not regenerate when monsters are
                  | visible. [potion of mutation]
 29082 | D:14     | Gained mutation: Your spells are a little harder to cast,
                  | but a little more powerful. [potion of mutation]
 29410 | D:14     | Found Vienivy's Assorted Antiques.
 29417 | D:14     | Bought a scroll of identify for 66 gold pieces
 29417 | D:14     | Bought a scroll of identify for 66 gold pieces
 29763 | D:14     | Found an opulent altar of Gozag.
 29812 | D:14     | Reached skill level 15 in Fighting
 30046 | D:14     | Found a gate to the Vaults.
 30104 | D:15     | Entered Level 15 of the Dungeon
 30151 | D:15     | Reached skill level 15 in Armour
 30212 | D:15     | Found Gayram's Weapon Boutique.
 30380 | D:15     | Received a gift from Trog
 30684 | D:15     | Found Feaf's Jewellery Boutique.
 31044 | D:15     | Found Sezipungy's Assorted Antiques.
 31052 | D:15     | Bought a scroll labelled ZIRUG DEUNUTOL for 30 gold pieces
 31052 | D:15     | Bought a scroll of identify for 60 gold pieces
 31112 | D:15     | Found a portal to a secret trove of treasure.
 31175 | D:15     | Found a staircase to the Depths.
 31223 | D:15     | Noticed Nessos
 31231 | D:15     | Killed Nessos
 31620 | Depths:1 | Entered Level 1 of the Depths
 31620 | Depths:1 | Noticed Mara
 32068 | Orc:1    | Reached XP level 16. HP: 150/150 MP: 15/15
 32249 | Orc:1    | Received a gift from Trog
 32572 | Orc:1    | Found a roughly hewn altar of Beogh.
 32572 | Orc:1    | Noticed Fannar
 32588 | Orc:1    | Killed Fannar
 32955 | Orc:2    | Entered Level 2 of the Orcish Mines
 32981 | Orc:2    | Found Letecs's Antique Armour Emporium.
 33020 | Orc:2    | Found Jemafieh's Book Shop.
 33275 | Orc:2    | Found Miuwn's Antique Weapon Boutique.
 33431 | Orc:2    | Found Vonoqigh's Antique Weapon Shoppe.
 33442 | Orc:2    | Received a gift from Trog
 33458 | Orc:2    | Reached skill level 15 in Dodging
 33920 | Orc:2    | Found Veynor's General Store.
 34340 | Orc:2    | Bought a scroll of brand weapon for 240 gold pieces
 34352 | Orc:2    | Found a staircase to the Elven Halls.
 34575 | Elf:1    | Entered Level 1 of the Elven Halls
 35270 | Swamp:1  | Killed Jorgrun
 37648 | Swamp:3  | Noticed a thorn hunter
 37700 | Swamp:3  | Killed a thorn hunter
 37770 | Swamp:3  | Noticed a thorn hunter
 37798 | Swamp:3  | Killed a thorn hunter
 37837 | Swamp:3  | Received a gift from Trog
 37863 | Swamp:3  | Reached XP level 17. HP: 76/161 MP: 16/16
 39118 | Swamp:4  | Entered Level 4 of the Swamp
 40311 | Swamp:4  | Noticed the 27-headed Lernaean hydra
 41754 | Swamp:4  | Killed the 27-headed Lernaean hydra
 42456 | Swamp:4  | Found a runed translucent gate.
 42456 | Swamp:4  | Found a runed translucent gate.
 42456 | Swamp:4  | Found a runed translucent gate.
 42457 | Swamp:4  | Noticed raph's ghost (adept GrEE)
 42458 | Swamp:4  | Noticed emiel's ghost (adept MiFi)
 42461 | Swamp:4  | Noticed Arthanis's ghost (adept DEFE)
 42758 | Swamp:4  | Got a decaying rune of Zot
 42902 | Swamp:4  | Killed raph's ghost
 42906 | Swamp:4  | Killed Arthanis's ghost
 42912 | Swamp:4  | Killed emiel's ghost
 43134 | Swamp:4  | Got a shimmering amber ring
 43292 | Snake:1  | Identified the cursed ring "Naiclaup" {rF- rN++ EV-4 Int+2
                  | Dex+4} (You found it on level 4 of the Swamp)
 45087 | Snake:2  | Reached XP level 18. HP: 141/173 MP: 17/17
 45824 | Snake:3  | Received a gift from Trog
 46986 | Snake:3  | Found Moqom's Jewellery Emporium.
 46988 | Snake:3  | Found Careawesu's Gadget Boutique.
 46989 | Snake:3  | Found Rexan's Jewellery Emporium.
 46998 | Snake:3  | Bought the amulet of Navou {Reflect rF+ Will- Str+4 Dex+4
                  | SH+5} for 962 gold pieces
 47029 | Snake:4  | Entered Level 4 of the Snake Pit
 47146 | Snake:4  | Found a hazy altar of Hepliaklqana.
 47437 | Snake:4  | Received a gift from Trog
 49083 | Snake:4  | Reached ****** piety under Trog
 49482 | Snake:4  | Got a serpentine rune of Zot
 49845 | Vaults:1 | Entered Level 1 of the Vaults
 49854 | Vaults:1 | Found Dicsext's Antique Armour Shop.
 50174 | Vaults:1 | Found Qeorhaek's Weapon Boutique.
 50213 | Vaults:1 | Found a flickering gateway to a bazaar.
 50213 | Vaults:1 | Found Cemyxt's Distillery.
 50289 | Bazaar   | Entered a bazaar
 50307 | Bazaar   | Found Lorhac's Antique Weapon Shoppe.
 50307 | Bazaar   | Found Leleu's Magic Scroll Emporium.
 50326 | Bazaar   | Found Mablauh's Antique Armour Shoppe.
 50326 | Bazaar   | Found Geraenak's Book Emporium.
 50330 | Bazaar   | Bought a pair of shimmering gloves for 218 gold pieces
 50347 | Bazaar   | Found Adoff's Gadget Emporium.
 50453 | Vaults:1 | Reached XP level 19. HP: 185/185 MP: 18/18
 51645 | Vaults:2 | Found a staircase to the Crypt.
 51686 | Vaults:2 | Received a gift from Trog
 51934 | Crypt:1  | Entered Level 1 of the Crypt
 52538 | Vaults:2 | Paralysed by a sphinx for 2 turns
 53385 | Vaults:3 | Identified the +1 pair of gloves "Zoul" {+Fly rElec Will+}
                  | (You bought it in a shop in a bazaar)
 53632 | Vaults:3 | Received a gift from Trog
 54084 | Vaults:3 | Got a smoking buckler
 54085 | Vaults:3 | Identified the +5 buckler of Shielding {rPois rCorr Str-2
                  | Int+4} (You found it on level 3 of the Vaults)
 54362 | Vaults:3 | Noticed Frederick
 54382 | Vaults:3 | Killed Frederick
 54383 | Vaults:3 | Reached XP level 20. HP: 198/198 MP: 19/19
 54677 | Vaults:3 | Received a gift from Trog
 57676 | Vaults:4 | Found Zaclydgho's Antique Armour Boutique.
 59185 | Vaults:5 | Entered Level 5 of the Vaults
 59207 | Vaults:4 | Received a gift from Trog
 62657 | Vaults:4 | Reached XP level 21. HP: 61/204 MP: 20/20
 64601 | Vaults:4 | Received a gift from Trog
 70666 | Vaults:5 | Found Pesutuzo's General Store.
 70675 | Vaults:5 | Bought a scroll of acquirement for 728 gold pieces
 71155 | Vaults:5 | Found the +7 great mace "Firestarter" {inner flame, rF++}
 71686 | Vaults:5 | Got a pair of ichor-stained boots
 71805 | Vaults:5 | Received a gift from Trog
 72349 | Vaults:5 | Got a silver rune of Zot
 72350 | Vaults:5 | Identified the +0 pair of boots of Otaric {rElec Dex+5}
                  | (You found it on level 5 of the Vaults)
 72362 | Vaults:5 | Acquired 624 gold pieces
 72586 | Depths:1 | Noticed Life0's illusion
 72696 | Depths:1 | Noticed Life0's illusion
 72938 | Depths:1 | Noticed Life0's illusion
 72958 | Depths:1 | Killed Mara
 73118 | Depths:1 | Reached XP level 22. HP: 220/220 MP: 21/21
 73135 | Depths:1 | Found Luyman's Elemental Accessories.
 73200 | Depths:1 | Noticed Saint Roka
 73226 | Depths:1 | Killed Saint Roka
 73256 | Depths:1 | Gained mutation: Your magical capacity is low. (-10% MP) [a
                  | shining eye]
 73427 | Depths:2 | Paralysed by a floating eye for 2 turns
 74154 | Depths:1 | Found a one-way gate to the infinite horrors of the Abyss.
 74177 | Depths:1 | Found a runed translucent gate.
 74177 | Depths:1 | Found a runed translucent gate.
 74177 | Depths:1 | Found a runed translucent gate.
 74180 | Depths:1 | Noticed Gow Ytu's ghost (veteran TeCj)
 74802 | Depths:1 | Killed Gow Ytu's ghost
 74803 | Depths:1 | Found a viscous altar of Jiyva.
 75004 | Vaults:1 | Bought a buzzing crystal plate armour for 3315 gold pieces
 75004 | Vaults:1 | Identified the cursed +0 crystal plate armour "Hoikuk"
                  | {rElec rF+} (You bought it in a shop on level 1 of the
                  | Vaults)
 75224 | Depths:2 | Found a shimmering altar of Xom.
 75264 | Depths:2 | Received a gift from Trog
 75565 | Depths:2 | Found a glowing golden altar of the Shining One.
 75891 | Depths:2 | Lost mutation: Your magical capacity is low. (-10% MP)
                  | [potion of mutation]
 75891 | Depths:2 | Lost mutation: You tend to lose your temper in combat.
                  | [potion of mutation]
 75891 | Depths:2 | Lost mutation: Your spells are a little harder to cast, but
                  | a little more powerful. [potion of mutation]
 75891 | Depths:2 | Gained mutation: Armour fits poorly on your strangely
                  | shaped body. [potion of mutation]
 75891 | Depths:2 | Gained mutation: You expend magic power (3 MP) to
                  | strengthen your wands. [potion of mutation]
 75891 | Depths:2 | Gained mutation: You are partially covered in molten
                  | scales. (AC +2) [potion of mutation]
 75921 | Depths:2 | Paralysed by a floating eye for 2 turns
 75932 | Depths:2 | Found a sparkling altar of Nemelex Xobeh.
 76437 | Depths:2 | Found a transporter.
 76563 | Depths:2 | Got a heavily runed wooden ring
 76949 | Depths:2 | Got a brightly glowing steel ring
 77578 | Depths:2 | Found a transporter.
 77604 | Depths:2 | Identified the ring "Gohaly" {Fire rPois Str+4}
 77606 | Depths:2 | Received a gift from Trog
 77782 | Depths:2 | Lost mutation: You expend magic power (3 MP) to strengthen
                  | your wands. [potion of mutation]
 77782 | Depths:2 | Lost mutation: You are partially covered in molten scales.
                  | (AC +2) [potion of mutation]
 77782 | Depths:2 | Gained mutation: You occasionally shout uncontrollably at
                  | your foes. [potion of mutation]
 77782 | Depths:2 | Gained mutation: You are resistant to electric shocks.
                  | (rElec) [potion of mutation]
 77782 | Depths:2 | Gained mutation: You have an increased reservoir of magic.
                  | (+10% MP) [potion of mutation]
 77783 | Depths:2 | Identified the ring of Omump {+Inv Slay+5 Stlth-} (You
                  | found it on level 2 of the Depths)
 77784 | Depths:2 | Identified the ring of the Komodo Dragon {*Contam rN+ EV+4
                  | SInv} (You found it on level 2 of the Depths)
 78072 | Depths:3 | Found a gateway to a ziggurat.
 78452 | Depths:3 | You fall into a shaft and drop 2 floors!
 78452 | Depths:5 | Entered Level 5 of the Depths
 78471 | Depths:5 | Reached XP level 23. HP: 232/232 MP: 24/24
 79713 | Depths:4 | Received a gift from Trog
 79871 | Depths:4 | Noticed a juggernaut
 79883 | Depths:4 | Killed a juggernaut
 80038 | Depths:4 | Got a twitching copper ring
 80076 | Depths:4 | Noticed a caustic shrike
 80076 | Depths:4 | Noticed a caustic shrike
 80076 | Depths:4 | Noticed a caustic shrike
 80077 | Depths:4 | Noticed a caustic shrike
 80080 | Depths:4 | Noticed a caustic shrike
 80082 | Depths:4 | Killed a caustic shrike
 80087 | Depths:4 | Killed a caustic shrike
 80094 | Depths:4 | Killed a caustic shrike
 80098 | Depths:4 | Killed a caustic shrike
 80106 | Depths:4 | Killed a caustic shrike
 81022 | Depths:4 | Received a gift from Trog
 81067 | Depths:4 | Found the +5 demon whip "Spellbinder" {antimagic, Will+}
 81315 | Depths:4 | Identified the ring "Wulai" {+Inv rF+ rCorr SInv} (You
                  | found it on level 4 of the Depths)
 81692 | Depths:3 | Found a one-way gate leading to the halls of Pandemonium.
 81896 | Depths:3 | Noticed a caustic shrike
 81905 | Depths:3 | Killed a caustic shrike
 82293 | Depths:3 | Reached XP level 24. HP: 154/220 MP: 8/24
 83257 | Depths:5 | Found a gate to the Realm of Zot.
 83678 | Depths:5 | Received a gift from Trog
 83681 | Depths:5 | Got an ichor-stained lajatang {god gift}
 84082 | Hell     | Noticed Murray
 84582 | Hell     | Noticed Geryon
 88520 | Depths:5 | Killed Murray
 89060 | Hell     | Killed Geryon
 89089 | Hell     | Received a gift from Trog
 89450 | Hell     | Got a blackened broad axe {god gift}
 89465 | Depths:5 | Identified the +7 lajatang of the Other Side {vorpal,
                  | *Noise +Blink +Rage rF+ Str+3} (Trog gifted it to you on
                  | level 5 of the Depths)
 89466 | Depths:5 | Identified the +1 broad axe of Untruth {vorpal, Str+2
                  | Dex+3} (Trog gifted it to you in the Vestibule of Hell)
 89829 | Hell     | Found a gateway to the Iron City of Dis.
 89855 | Hell     | Found a gateway to the ashen valley of Gehenna.
 89925 | Hell     | Found a gateway to the decaying netherworld of Tartarus.
 89996 | Hell     | Found a gateway to the freezing wastes of Cocytus.
 90433 | Tar:1    | Entered Level 1 of Tartarus
 90605 | Tar:1    | HP: 10/227 [Tzitzimitl/bolt of negative energy[a doom
                  | hound] (36)]
 90608 | Tar:1    | Killed from afar by a Tzitzimitl

Illustrated notes

Levels and vault maps discovered:
D:1:      minmay_arrival_stair_chambers, layout_basic, patterned_corridor
D:2:      layout_basic
D:3:      layout_basic, nicolae_ru_great_annihilating_truth,
          uniq_crazy_yiuf_cottage
D:4:      layout_loops_cross, nicolae_ashenzari_panopticon, marbit_many_paths,
          minmay_temple_entry_crystal_x, gup_sewer_entry_glass
D:5:      wad_pebble_path, layout_basic
D:6:      layout_basic, bloody_makhleb
D:7:      layout_loops_ring, lightli_temple_of_fire, enter_bailey_5
D:8:      layout_cave_pools, kennysheep_little_box, grunt_temple_overflow_open,
          david_lair_generic, minmay_mini_ossuary, uniq_joseph
D:9:      layout_cave_pods, uniq_prince_ribbit1
D:10:     layout_rooms, zombieorc1_lemuel, grunt_ministairs_9,
          minmay_misc_feat_ornament, uniq_snorg
D:11:     layout_basic, the_bakery
D:12:     cheibrodos_quadrivalence, layout_cave_pools, dk_noncrumbling_2,
          glass_columns_a
D:13:     layout_basic, serial_shops, shop, nrook_uturn
D:14:     layout_stronghold, grunt_vaults_entry_fortified,
          lemuel_coloured_pillars_altar, serial_shops, shop
D:15:     gammafunk_depths_entry_grave, layout_stronghold,
          nicolae_trove_entry_columns, minmay_crystal_room, serial_shops,
          nicolae_shop_behind_doors, shop, nicolae_shop_crystal, uniq_nessos
Lair:1:   layout_loops_ring, uniq_gastronok
Lair:2:   layout_loops_ring, swamp_mist, gammafunk_ghost_wrathful_warriors,
          uniq_sonja, uniq_maggie
Lair:3:   layout_regular_city, portal_ice_cave_rime
Lair:4:   layout_roguey, minmay_snake_entry_guardpost_large,
          chequers_serial_rivers_small_b
Lair:5:   layout_hall_layers, hellmonk_ghost_happy_afterlife,
          minmay_lair_oklob_chamber, serial_bayou_shore_a,
          infiniplex_staircase_pool_2, serial_bayou_shore_b, grunt_megastairs_5
Lair:6:   evil_forest, layout_hall_layers, minmay_slime_entry_oklob_enclosed,
          gauntlet_entry_generic, chequers_serial_rivers_room_b,
          grunt_megastairs_2
Swamp:1:  layout_basic_swamp, evilmike_swamp_ruin_house_2, swamp_pool1,
          uniq_jorgrun
Swamp:2:  layout_falls_marsh, evilmike_swamp_ruin_house_4, swamp_pool4
Swamp:3:  layout_falls_marsh, nicolae_swamp_dense_foliage
Swamp:4:  grunt_swamp_rune_castle, layout_basic_swamp, gammafunk_ghost_cemetery
Snake:1:  layout_basic, grunt_ministairs_12, hangedman_snake_pattern
Snake:2:  layout_layer_cave, grunt_megastairs_3
Snake:3:  layout_chambers, serial_bayou_shore_b, grunt_megastairs_1,
          minmay_shop_grove
Snake:4:  grunt_snake_rune_pools, layout_cave_town, basic_altar
Slime:1:  layout_caves
Orc:1:    orc_temple, layout_diamond_mine, uniq_fannar
Orc:2:    grunt_orc_gardens, layout_caves, grunt_orc_garden, grunt_orc_garden,
          grunt_orc_garden, grunt_orc_garden, serial_shops,
          nicolae_shop_waterfront
Elf:1:    eino_elf_arrival_the_gate, layout_onion_city, serial_shops, shop,
          hangedman_corner_corridor, minivault_28
Vaults:1: v_misc_24, nicolae_vaults_display_case,
          ontoclasm_vaults_loading_screen, nicolae_vaults_twisting_passages,
          nicolae_vaults_puzzle_piece, v_misc_10, vaults_room_door_hall,
          vaults_room_stairs_pillars, hangedman_vaults_restitches,
          v_alt_pattern_4, v_pattern_3, nicolae_vaults_little_squares_5,
          vaults_dpeg_encased_lava, vaults_dpeg_hooks, layout_vaults_ring,
          serial_shops, bzr_entry_water, shop, shop_fountains,
          nicolae_shop_waterfront
Vaults:2: nicolae_vaults_inception_scallops, minmay_crypt_entry_simple_sparse,
          nicolae_vaults_shelves_hall, v_pattern_1, v_misc_22,
          ontoclasm_vaults_ring_small, vaults_room_guarded_vault,
          hangedman_vaults_pinch, v_misc_24, vaults_room_fours,
          nicolae_vaults_little_squares_5, vaults_room_door_ring,
          nicolae_vaults_circle_grid_a, nicolae_vaults_little_squares_5,
          layout_vaults_maze
Vaults:3: vaults_mumra_minichess, ontoclasm_vaults_gateway,
          vaults_room_fancy_cross, layout_vaults_omnigrid, uniq_frederick
Vaults:4: nicolae_vaults_triangles, hangedman_vaults_nails,
          nicolae_vaults_little_ls, grunt_vaults_trifunnel,
          nicolae_vaults_network_quincunx
          [nicolae_vaults_network_quincunx_subvault,
          nicolae_vaults_network_quincunx_subvault,
          nicolae_vaults_network_quincunx_subvault,
          nicolae_vaults_network_quincunx_subvault,
          nicolae_vaults_network_quincunx_subvault], nicolae_vaults_alarming,
          ontoclasm_vaults_pinch, v_pattern_4, v_misc_16, vaults_dpeg_ring,
          vaults_room_stairs_pillars, nicolae_vaults_theta,
          layout_vaults_omnicross, serial_shops, shop
Vaults:5
Crypt:1:  layout_misc_corridors
Depths:1: layout_cave_shapes, hangedman_abyss_entry_splay,
          minmay_misc_feat_rows, pf_dread_powers_of_hell, gammafunk_ghost_ooze,
          nicolae_elemental_shop, grunt_ministairs_9, kennysheep_dice,
          uniq_mara, uniq_saint_roka
Depths:2: hangedman_spin_cycle, hell_entry, abyss_entry
Depths:3: cell_vault, layout_cave_shapes, enter_ziggurat_b, hell_entry,
          kennysheep_cross_bottleneck, rand_demon_pan_entry_3, drop_trap,
          serial_sigils_hangedman_gut, chequers_serial_rivers_small_3
Depths:4: minmay_tri_box, layout_honeycomb, marbit_kobold_abyss_entry,
          kennysheep_nondescript, hellmouth_1, minmay_misc_feat_roman,
          grunt_ministairs_12
Depths:5: grunt_zot_entry_hairpin, layout_long_grid,
          grunt_hell_entry_demonic_statue, pan_entry,
          minmay_misc_feat_secret_circle
Hell
Tar:1:    layout_catacombs

Skill      XL: |  1  2  3  4  5  6  7  8  9 10 11 12 13 14 15 16 17 18 19 20 21 22 23 24 |
---------------+-------------------------------------------------------------------------+-----
Maces & Flails | 4 5 6 7 8 10 | 10.0
Staves         | 5 8 10 | 10.9
Fighting       | 4 7 9 11 12 14 15 17 18 20 21 22 23 24 25 26 | 26.3
Armour         | 3 6 9 11 12 13 15 17 18 19 21 22 23 24 25 26 | 26.2
Dodging        | 3 6 8 10 11 12 14 15 17 18 19 20 21 22 23 24 | 24.4
Shields        | 3 13 15 | 15.0

Action                   |  1- 3 |  4- 6 |  7- 9 | 10-12 | 13-15 | 16-18 | 19-21 | 22-24 || total
-------------------------+-------+-------+-------+-------+-------+-------+-------+-------++-------
Melee: Mace              |    52 |     9 |       |       |       |       |       |       ||    61
       Headbutt          |     9 |    18 |    39 |   118 |   386 |   561 |   666 |   673 ||  2470
       Flail             |       |    53 |       |       |       |       |       |       ||    53
       Quarterstaff      |       |    44 |   200 |   511 |       |       |       |       ||   755
       Whip              |       |       |       |    73 |  1320 |  1987 |  1721 |   961 ||  6062
       Demon whip        |       |       |       |       |       |       |       |   630 ||   630
Invok: Berserk           |     3 |     5 |     8 |    33 |    32 |    38 |    43 |    40 ||   202
       Brothers in Arms  |       |       |       |     4 |    13 |     7 |     5 |     6 ||    35
 Abil: Evoke Flight      |       |       |       |       |       |       |       |     1 ||     1
  Use: Scroll            |       |    10 |    13 |    12 |    12 |    15 |    11 |     8 ||    81
       Potion            |       |       |       |     2 |     9 |     6 |     7 |     5 ||    29
 Stab: Distracted        |       |       |       |     1 |       |       |     1 |     1 ||     3
       Paralysed         |       |       |       |     1 |       |       |       |       ||     1
Armor: Animal skin       |     9 |       |       |       |       |       |       |       ||     9
       Leather armour    |       |    18 |       |       |       |       |       |       ||    18
       Ring mail         |       |     2 |    61 |    32 |       |       |       |       ||    95
       Scale mail        |       |       |       |   109 |       |       |       |       ||   109
       Plate armour      |       |       |       |    20 |   297 |   371 |   223 |   166 ||  1077
Dodge: Dodged            |    43 |    61 |    94 |   274 |   270 |   490 |   464 |   544 ||  2240
Block: Kite shield       |       |       |       |    19 |   723 |  1608 |  1335 |  1211 ||  4896
       Reflection        |       |       |       |       |    25 |   132 |   161 |    76 ||   394

Table legend: (Time is in decaauts)
 A = Elapsed time spent in this place.
 B = Non-inter-level travel time spent in this place.
 C = Inter-level travel time spent in this place.
 D = Time resting spent in this place.
 E = Time spent auto-exploring this place.
 F = Levels seen in this place.
 G = Mean time per level.
                   A        B        C        D        E       F      G
               +--------+--------+--------+--------+--------+-----+--------+
         Total |  89458 |  85721 |   3737 |  44296 |  31585 |  48 | 1863.7 |
       Dungeon |  20597 |  19445 |   1152 |   5767 |  10884 |  15 | 1373.1 |
          Lair |  11994 |  11414 |    580 |   5723 |   4647 |   6 | 1999.0 |
         Swamp |   7793 |   7565 |    228 |   5224 |   1533 |   4 | 1948.2 |
     Snake Pit |   6050 |   5893 |    157 |   1607 |   3425 |   4 | 1512.5 |
    Slime Pits |      1 |      1 |      0 |      0 |      0 |   1 |    1.0 |
  Orcish Mines |   2520 |   2358 |    162 |    860 |   1093 |   2 | 1260.0 |
   Elven Halls |      1 |      1 |      0 |      0 |      0 |   1 |    1.0 |
        Vaults |  22218 |  21082 |   1136 |  14758 |   4639 |   5 | 4443.6 |
         Crypt |      1 |      1 |      0 |      0 |      0 |   1 |    1.0 |
        Depths |  15901 |  15602 |    299 |   9630 |   4486 |   5 | 3180.2 |
          Hell |   1079 |   1058 |     21 |    520 |    341 |   1 | 1079.0 |
      Tartarus |    124 |    124 |      0 |      0 |     55 |   1 |  124.0 |
        Bazaar |     79 |     79 |      0 |      0 |     76 |   1 |   79.0 |
      Ice Cave |   1093 |   1093 |      0 |    204 |    404 |   1 | 1093.0 |
               +--------+--------+--------+--------+--------+-----+--------+

Top non-repeatable levels by time:
Vaults:4: 13676 daAuts
Depths:5: 7394 daAuts
  Lair:6: 4779 daAuts
 Swamp:3: 4213 daAuts
Depths:2: 3157 daAuts
Vaults:3: 3108 daAuts
    D:13: 2527 daAuts
 Snake:4: 2371 daAuts
    D:15: 2184 daAuts
     D:9: 2163 daAuts
Depths:4: 2091 daAuts
    D:12: 2053 daAuts
Vaults:5: 2014 daAuts
  Lair:2: 1963 daAuts
Vaults:2: 1895 daAuts
